 Dungeon Crawl Stone Soup version 0.27.1-35-g4d5d836560 (webtiles) character file.

Game seed: 15883600888123465534

118 Froggeryz the Ruffian (level 5, -6/37 HPs)
             Began as an Octopode Berserker on Dec 13, 2022.
             Was a Believer of Trog.
             Splashed by a jelly's acid (8 damage)
             ... on level 3 of the Dungeon.
             The game lasted 00:02:43 (3038 turns).

Froggeryz the Ruffian (Octopode Berserker)          Turns: 3038, Time: 00:02:43

Health: -6/37      AC: -7    Str: 16    XL:     5   Next: 2%
Magic:  5/5        EV: 13    Int: 10    God:    Trog [**....]
Gold:   100        SH:  0    Dex: 12    Spells: 4/4 levels left

rFire    . . .     SeeInvis .     - Unarmed
rCold    + . .     Faith    .   (no shield)
rNeg     . . .     Spirit   .   l - +0 hat
rPois    .         Reflect  .   (no amulet)
rElec    .         Harm     .   m - ring of protection from cold
rCorr    .         Rampage  .   (no ring)
Will     .....                  (no ring)
Stlth    +++.......             (no ring)
HPRegen  0.12/turn              (no ring)
MPRegen  0.09/turn              (no ring)
                                (no ring)
                                (no ring)

@: corroded, very slightly contaminated, invisible
A: almost no armour, amphibious, 8 rings, camouflage 1, gelatinous body 1,
(nimble swimmer 1), tentacles
a: Renounce Religion, Berserk, Trog's Hand


You were on level 3 of the Dungeon.
You worshipped Trog.
Trog was pleased with you.
You visited 1 branch of the dungeon, and saw 4 of its levels.

You collected 100 gold pieces.

Inventory:

Missiles
 d - 2 javelins
 e - 14 poisoned darts (quivered)
 g - 9 datura-tipped darts
Armour
 l - a +0 hat (worn)
Jewellery
 m - a ring of protection from cold (left tentacle)
Scrolls
 f - a scroll of fear {unknown}
 i - a scroll of amnesia {unknown}
 n - a scroll of fog {unknown}
 o - a scroll of noise {unknown}
Potions
 a - 2 potions of cancellation {unknown}
 c - a potion of ambrosia {unknown}
 h - a potion of flight {unknown}
 j - 2 potions of might {unknown}
 k - 2 potions of degeneration {unknown}


   Skills:
 + Level 3.8 Fighting
 - Level 3.0 Dodging
 + Level 2.8 Stealth
 * Level 4.4 Unarmed Combat


You had 4 spell levels left.
You didn't know any spells.
Your spell library was empty.

Dungeon Overview and Level Annotations

Branches:
Dungeon (4/15)
 Temple: D:4-7

Altars:
Ru

Portals:
Sewer: D:3


Innate Abilities, Weirdness & Mutations

You cannot wear most types of armour.
You are amphibious.
You can wear up to eight rings at the same time.
Your skin changes colour to match your surroundings (Stealth+).
Your rubbery body absorbs attacks. (AC +1, EV +1)
((You are camouflaged near water. (Stealth+)))
You have tentacles for arms and can constrict up to eight enemies at once.


Message History

The adder is lightly wounded.
You constrict the adder. The adder barely misses you. The adder bites you.
You tentacle-slap the adder. You squeeze the adder.
You kill the adder!
Trog accepts your kill.
You have reached level 5!
You feel clever.
There is a stone staircase leading up here.
You start resting.
HP restored.
Okay, then.
It was a potion of invisibility.
You fade into invisibility!
You are very lightly contaminated with residual magic.
You climb upwards.
You hear the sound of rushing water.
There is an entrance to a sewer on this level.
Hurry and find it before the portal rusts away!
You hear the brisk rusting of a drain nearby.
The jelly hits you. The acid corrodes you!
You are splashed with acid!
The worm barely misses you.
There is a stone staircase leading down here.
You tentacle-slap the jelly.
Your tentacles burn!
The jelly is lightly wounded.
The jelly misses you. The worm misses you.
You tentacle-slap the jelly. The acid corrodes you!
Your tentacles burn!
The jelly is lightly wounded.
The jelly hits you.
You are splashed with acid!
You barely miss the jelly. You squeeze the jelly.
The jelly is moderately wounded.
The white imp gestures at you. The puff of frost misses you.
The jelly hits you.
You are splashed with acid.
* * * LOW HITPOINT WARNING * * *
The worm barely misses you.
You bludgeon the jelly!
Your tentacles burn!
* * * LOW HITPOINT WARNING * * *
The jelly is severely wounded.
The jelly hits you.
* * * LOW HITPOINT WARNING * * *
You are splashed with acid!
You die...

#..........
#...r......#
#..........#
..........#
##........##
#..5.......#
#..........#
#.J@w......#
#######
#..........#
(P÷P.P.
#......?...#
JP...J.
##.........#


.P.P.PJ ##......### ÷P.P... #####..# ..JP... ###.### .P..JJJ ##.....# #######
##......###...)J. You could see a worm, a jelly, a white imp and a rat
(wandering).

Vanquished Creatures
  2 adders
  3 gnolls (D:2)
  A worm (D:2)
  A dart slug (D:1)
  An orc (D:3)
  4 ball pythons
  6 endoplasms
  A giant cockroach (D:3)
  9 goblins
  6 hobgoblins
  4 jackals (D:2)
  3 quokkas
  3 bats
  4 frilled lizards
  12 kobolds
  A rat (D:1)
61 creatures vanquished.

Vanquished Creatures (others)
  8 fungi (D:3)
  9 toadstools (D:3)
17 creatures vanquished.

Grand Total: 78 creatures vanquished

Notes
Turn   | Place    | Note
-------+----------+-------------------------------------------
     0 | D:1      | Froggeryz the Octopode Berserker began the quest for the
                  | Orb.
     0 | D:1      | Reached XP level 1. HP: 16/16 MP: 1/1
   328 | D:1      | Reached skill level 1 in Stealth
   328 | D:1      | Reached XP level 2. HP: 21/21 MP: 2/2
   899 | D:1      | Reached XP level 3. HP: 6/26 MP: 3/3
  1499 | D:2      | Reached ** piety under Trog
  1790 | D:2      | Reached skill level 4 in Unarmed Combat
  1795 | D:2      | Reached XP level 4. HP: 25/31 MP: 4/4
  2383 | D:2      | Found a sacrificial altar of Ru.
  2825 | D:3      | Found a glowing drain.
  2846 | D:4      | Reached XP level 5. HP: 14/37 MP: 5/5
  3038 | D:3      | Splashed by a jelly's acid

Illustrated notes

Levels and vault maps discovered:
D:1:      minmay_arrival_radiant_lines, layout_loops_ring,
          chequers_serial_rivers_marsh, minmay_tetromino_t4
D:2:      layout_basic, basic_altar, minmay_box_of_dots
D:3:      cheibrodos_fertilizer, layout_rooms, portal_sewer_entry_a,
          serial_shops, shop, basic_ecumenical_altar
D:4:      layout_layer_cave, chequers_temple_overflow_statue_of_worship,
          nicolae_uskayaw_suspiria, st_stairs_11, kennysheep_small_square,
          uniq_duvessa, uniq_blork_the_orc, uniq_sigmund

Skill      XL: |  1  2  3 |
---------------+----------+-----
Stealth        | 1 2 |  2.8
Unarmed Combat | 4 |  4.4
Fighting       | |  3.8
Dodging        | |  3.0

Action                   |  1- 3 |  4- 6 || total
-------------------------+-------+-------++-------
Melee: Unarmed           |    60 |    61 ||   121
       Constrict         |    17 |    17 ||    34
       Tentacles         |    12 |    10 ||    22
       Punch             |     2 |     1 ||     3
Throw: Dart              |     6 |       ||     6
Invok: Berserk           |     2 |       ||     2
  Use: Potion            |       |     1 ||     1
 Stab: Sleeping          |     4 |     7 ||    11
       Distracted        |       |     1 ||     1
Armor: Skin              |     3 |       ||     3
Dodge: Dodged            |    34 |    42 ||    76
